 Dungeon Crawl Stone Soup version 0.20.1-1-g8b1a95d (webtiles) character file.

1901 tbbk the Grappler (level 8, -2/78 HPs)
             Began as a Troll Berserker on Sept 7, 2017.
             Was a Priest of Trog.
             Slain by a hippogriff (4 damage)
             ... on level 1 of the Lair of Beasts on Sept 9, 2017.
             The game lasted 00:19:24 (2917 turns).

tbbk the Grappler (Troll Berserker)                 Turns: 2917, Time: 00:19:25

Health: -2/78      AC:  7    Str: 26 (28) XL:     8   Next: 94%
Magic:  7/7        EV: 11    Int:  2 (3)  God:    Trog [***...]
Gold:   163        SH:  0    Dex:  9      Spells: 7/7 levels left

rFire    + . .     SeeInvis .     - Unarmed
rCold    + . .     Gourm    +   (no shield)
rNeg     . . .     Faith    .   a - +2 animal skin
rPois    .         Spirit   .   (helmet restricted)
rElec    .         Reflect  .   (no cloak)
rCorr    .         Harm     .   (gloves unavailable)
MR       .....                  (boots unavailable)
Stlth    ++........             (no amulet)
Regen    0.7/turn               h - ring of protection from fire
MPRegen  0.1/turn               c - ring of protection from cold

@: no status effects
A: unfitting armour, claws 3, fast metabolism 3, gourmand, regeneration 1,
shaggy fur 1, tough skin 2
a: Berserk, Trog's Hand, Burn Spellbooks, Renounce Religion


You were on level 1 of the Lair of Beasts.
You worshipped Trog.
Trog was most pleased with you.
You were very hungry.

You visited 3 branches of the dungeon, and saw 10 of its levels.

You collected 163 gold pieces.

Inventory:

Armour
 a - a +2 animal skin (worn)
Jewellery
 c - a ring of protection from cold (right claw)
 h - a ring of protection from fire (left claw)
Scrolls
 b - a scroll of remove curse
 e - 3 scrolls of enchant armour
 g - a scroll of summoning {unknown}
 m - 3 scrolls of identify
Potions
 d - a potion of magic
 i - a potion of lignification
 j - a potion of heal wounds {unknown}
Comestibles
 f - 3 meat rations
 k - 2 bread rations
 l - a royal jelly


   Skills:
 + Level 3.9 Fighting
 + Level 5.3 Dodging
 + Level 1.8 Stealth
 + Level 9.3 Unarmed Combat


You had 7 spell levels left.
You didn't know any spells.

Dungeon Overview and Level Annotations

Branches:
Dungeon (8/15)             Temple (1/1) D:4            Lair (1/6) D:8

Altars:
Cheibriados
Gozag
Hepliaklqana
Kikubaaqudgha
Makhleb
Qazlal
Sif Muna
Uskayaw
The Shining One

Annotations:
Lair:1 Zedayar's ghost, novice TrBe


Innate Abilities, Weirdness & Mutations

You are too large for most types of armour.
You have claws for hands.
Your metabolism is lightning-fast.
You like to eat raw meat.
Your natural rate of healing is unusually fast.
You are covered in fur. (AC +1)
You have very tough skin. (AC +2)


Message History

The hippogriff bites you. The hippogriff pecks you.
The hippogriff barely misses you. Zedayar's ghost hits you!!
* * * LOW HITPOINT WARNING * * *
You mangle the hippogriff!!
The hippogriff is heavily wounded.
Zedayar's ghost whispers, "The ORB doesn't exist."
The hippogriff bites you.
* * * LOW HITPOINT WARNING * * *
The hippogriff barely misses you. The hippogriff claws you.
* * * LOW HITPOINT WARNING * * *
You barely miss the hippogriff.
The hippogriff is heavily wounded.
You are feeling very hungry.
Zedayar's ghost hits you.
* * * LOW HITPOINT WARNING * * *
You mangle the hippogriff!!
The hippogriff is severely wounded.
The hippogriff barely misses you. The hippogriff pecks you.
You die...

## #.......###
#.###....#.....
####.#...........
####................
....................
............?.......
...................#
.........WH.........
...(.....@..........
#..................
.##.................
...##....####.......
.#..#....# #.#.#.P
#......# ####
#....<## #....##
#...#


You could see a hippogriff and Zedayar's ghost.

Vanquished Creatures
  Pikel (D:6)
  The ghost of hilaritas the Chiller, a novice DEIE of Vehumet (D:7)
  Grinder (D:6)
  A shadow (D:8)
  A slave (D:6)
  A black bear (D:3)
  An ice beast (D:7)
  2 bullfrogs (D:7)
  A scorpion (D:7)
  A crimson imp (D:5)
  2 jellies
  2 orc wizards (D:7)
  2 hounds (D:7)
  A centaur skeleton (D:6)
  An iguana (D:7)
  2 worker ants
  A killer bee zombie (D:7)
  A hound skeleton (D:7)
  3 adders
  An adder zombie (D:7)
  2 worms
  2 dart slugs (D:1)
  3 leopard geckos
  7 orcs
  2 hobgoblins
  A jackal (D:2)
  3 kobolds
  3 ball pythons
  A bat (D:3)
  5 frilled lizards
  5 rats
61 creatures vanquished.

Vanquished Creatures (others)
  2 slaves (D:6)
  A centaur zombie (D:6)
3 creatures vanquished.

Grand Total: 64 creatures vanquished

Notes
Turn   | Place    | Note
-------+----------+-------------------------------------------
     0 | D:1      | tbbk the Troll Berserker began the quest for the Orb.
     0 | D:1      | Reached XP level 1. HP: 22/22 MP: 0/0
   841 | D:1      | Reached XP level 2. HP: 29/29 MP: 1/1
  1282 | D:2      | Found an opulent altar of Gozag.
  1408 | D:3      | Reached XP level 3. HP: 17/36 MP: 2/2
  1457 | D:3      | Reached ** piety under Trog
  1504 | D:3      | Noticed a black bear
  1510 | D:3      | Killed a black bear
  1510 | D:3      | Reached skill level 4 in Unarmed Combat
  1510 | D:3      | Reached XP level 4. HP: 42/45 MP: 3/3
  1556 | D:4      | Reached XP level 5. HP: 33/53 MP: 4/4
  1594 | D:4      | Found a staircase to the Ecumenical Temple.
  1603 | Temple   | Entered the Ecumenical Temple
  1755 | D:5      | Entered Level 5 of the Dungeon
  1847 | D:6      | Noticed Grinder
  1859 | D:6      | Paralysed by Grinder for 5 turns
  1869 | D:6      | Killed Grinder
  1869 | D:6      | Reached skill level 1 in Stealth
  1869 | D:6      | Reached skill level 5 in Unarmed Combat
  1869 | D:6      | Reached XP level 6. HP: 56/61 MP: 5/5
  1872 | D:6      | Found a stormy altar of Qazlal.
  1908 | D:6      | Found a glowing golden altar of the Shining One.
  1929 | D:6      | Noticed Pikel
  1929 | D:6      | Noticed a slave
  1929 | D:6      | Noticed a slave
  1929 | D:6      | Noticed a slave
  1929 | D:6      | Noticed a slave
  1933 | D:6      | Killed a slave
  1957 | D:6      | Killed Pikel
  1957 | D:6      | Reached skill level 7 in Unarmed Combat
  1957 | D:6      | Reached XP level 7. HP: 17/67 MP: 6/6
  2163 | D:7      | Reached XP level 8. HP: 75/75 MP: 7/7
  2218 | D:7      | Lost intelligence.
  2265 | D:7      | Reached skill level 8 in Unarmed Combat
  2293 | D:7      | Lost intelligence.
  2380 | D:7      | Noticed hilaritas's ghost (novice DEIE)
  2411 | D:7      | Killed hilaritas's ghost
  2411 | D:7      | Reached skill level 5 in Dodging
  2514 | D:7      | Reached skill level 9 in Unarmed Combat
  2528 | D:7      | Reached *** piety under Trog
  2864 | D:8      | Found a staircase to the Lair.
  2896 | Lair:1   | Entered Level 1 of the Lair of Beasts
  2903 | Lair:1   | Noticed Zedayar's ghost (novice TrBe)
  2904 | Lair:1   | Noticed a hippogriff
  2915 | Lair:1   | HP: 3/78 [hippogriff (1)]
  2916 | Lair:1   | HP: 1/78 [Zedayar's ghost (2)]
  2917 | Lair:1   | Slain by a hippogriff

Skill      XL: |  1  2  3  4  5  6  7  8 |
---------------+-------------------------+-----
Fighting       | 3 |  3.9
Dodging        | 3 4 5 |  5.3
Unarmed Combat | 4 5 7 9 |  9.3
Stealth        | 1 |  1.8

Action                   |  1- 3 |  4- 6 |  7- 9 || total
-------------------------+-------+-------+-------++-------
Melee: Unarmed           |    64 |    88 |    91 ||   243
       Punch             |     1 |     2 |     3 ||     6
  Use: Scroll            |     2 |       |     5 ||     7
       Potion            |       |       |     6 ||     6
  Eat: Bread ration      |     2 |       |     1 ||     3
       Fruit             |     1 |       |       ||     1
       Meat ration       |       |     1 |     1 ||     2
Armor: Animal skin       |    15 |    21 |    29 ||    65
Dodge: Dodged            |    28 |    42 |    54 ||   124
